 Dungeon Crawl Stone Soup version 0.28.0-45-g0d030f2227 (webtiles) character file.

Game seed: 4968378824539014824

635 sking99 the Ruffian (level 7, -1/67 HPs)
             Began as a Troll Transmuter on May 20, 2022.
             Was an Initiate of Wu Jian.
             Slain by a gnoll
             ... wielding a +0 halberd
              (11 damage)
             ... on level 4 of the Dungeon.
             The game lasted 00:06:30 (3177 turns).

sking99 the Ruffian (Troll Transmuter)              Turns: 3177, Time: 00:06:31

Health: -1/67      AC:  6    Str: 19    XL:     7   Next: 25%
Magic:  0/7        EV:  9    Int: 11    God:    Wu Jian [......]
Gold:   115        SH:  0    Dex: 10    Spells: 5/8 levels left

rFire   . . .      SeeInvis .     - Unarmed
rCold   . . .      Faith    .   (no shield)
rNeg    . . .      Spirit   +   a - +0 robe
rPois   .          Reflect  .   (helmet restricted)
rElec   .          Harm     .   o - +1 cloak
rCorr   .          Rampage  .   (gloves unavailable)
Will    .....                   (boots unavailable)
Stlth   +.........              n - amulet of guardian spirit
HPRegen 1.01/turn               (no ring)
MPRegen 0.10/turn               (no ring)

@: mighty
A: large, unfitting armour, claws 3, regeneration 1, shaggy fur 1, tough skin 1
a: Renounce Religion


You were on level 4 of the Dungeon.
You worshipped Wu Jian.
Wu Jian was noncommittal.
You visited 1 branch of the dungeon, and saw 5 of its levels.

You collected 115 gold pieces.

Inventory:

Missiles
 g - 5 datura-tipped darts
 h - 12 poisoned darts
Armour
 a - a +0 robe (worn)
 o - a +1 cloak (worn)
Jewellery
 j - the dreamshard necklace {*Dream Drain}
   (You took it off a kobold on level 2 of the Dungeon)

   [amulet of nothing]

   It shatters if its wearer takes lethal or near-lethal damage, preventing the
   blow and releasing protective dreams that heal and fight for the wearer.
   Drain:     It drains your maximum health when unequipped.
 k - an amulet of magic regeneration
 n - an amulet of guardian spirit (around neck)
Scrolls
 b - a scroll of immolation {unknown}
 m - a scroll of magic mapping
Potions
 c - a potion of cancellation {unknown}
 d - a potion of magic {unknown}
 l - a potion of curing {unknown}


   Skills:
 + Level 3.3 Fighting
 - Level 1.5 Dodging
 * Level 6.5 Unarmed Combat
 - Level 1.2 Spellcasting
 - Level 3.0 Transmutations


You had 5 spell levels left.
You knew the following spells:

 Your Spells              Type           Power      Damage    Failure   Level
a - Beastly Appendage     Tmut           14%        N/A       10%         1
b - Wereblood             Tmut           7%         N/A       14%         2

Your spell library contained the following spells:

 Spells                   Type           Power      Damage    Failure   Level
 Corpse Rot               Necr/Air       0%         N/A       43%         2
 Poisonous Vapours        Pois/Air       0%         N/A       43%         2
 Spider Form              Tmut/Pois      3%         N/A       45%         3
 Ice Form                 Ice/Tmut       3%         N/A       86%         4


Dungeon Overview and Level Annotations

Branches:
Dungeon (5/15)
 Temple: D:4-7

Altars:
Wu Jian

Annotations:
D:5 exclusion: water moccasin


Innate Abilities, Weirdness & Mutations

You are too large for most types of armour.
You have claws for hands.
Your natural rate of healing is unusually fast.
You are covered in fur. (AC +1)
You have tough skin. (AC +1)


Message History

The gnoll barely misses you.
The gnoll hits you from afar with a +0 spear.
A howler monkey comes into view.
You closely miss Grinder.
The howler monkey howls!
Your kick misses Grinder.
You feel sick. Grinder hits you!
You writhe in agony.
The gnoll hits you from afar with a +0 halberd!
* * * LOW HITPOINT WARNING * * *
The gnoll barely misses you.
Unknown command.
You claw Grinder! You claw Grinder. Your headbutt misses Grinder.
Grinder is heavily wounded.
You feel sick. Grinder completely misses you. The gnoll barely misses you.
You claw Grinder! You claw Grinder.
You kill Grinder!
The Council accepts your kill.
Your transformation is almost over.
You feel sick. The gnoll hits you but does no damage.
The gnoll hits you from afar with a +0 halberd!
* * * LOW HITPOINT WARNING * * *
Your Fighting skill increases to level 3!
Your Unarmed Combat skill increases to level 6!
You have reached level 7!
You feel sick.
The howler monkey hoots and howls with incredible vigour!
You hear an angry hiss.
You feel sick.
You feel sick.
You feel sick.
The howler monkey hoots and howls with incredible vigour!
You feel sick.
You are no longer poisoned.
Your horns disappear.
Your talons disappear.
The howler monkey hoots and howls with incredible vigour!
The howler monkey closely misses you.
The gnoll hits you from afar with a +0 spear.
* * * LOW HITPOINT WARNING * * *
The gnoll hits you but does no damage.
The gnoll hits you from afar with a +0 halberd!
You die...

,*,*#.*,** ##.##*,#**,,*
*,,,...,* #.# *,,,,,,* ****#.#**
#########.# ******+** #.#
#.........# **,,,** ##.#
#.#######.# **,,,,,** ##..# #.#
####..# **,,,,,,,*
###...#####.###..gg.####,,,,,,,,,
.......†....)..........+,,,,,,,,,
###...#########.@h..####,,,,,,,,,
##..# #.##w.# **,,,,,,,* ##.#
#.###.# **,,,,,** #.# #.#*#.#
**,,,** #.# #..,#.# *#+#* #.#
#.#,#.# #.# #.# #.#.#.########.#
#.# #.#.#.#........## #####.#
#.....#.##.##...###


You could see a worm, a howler monkey and 2 gnolls.

Vanquished Creatures
  Grinder (D:4)
  An ogre (D:5)
  A phantom (D:5)
  A jelly (D:4)
  An orc priest (D:3)
  A hound (D:4)
  A centaur skeleton (D:5)
  4 adders
  4 gnolls
  3 worms
  5 dart slugs
  2 orcs (D:3)
  6 ball pythons
  3 bats
  6 endoplasms
  A giant cockroach (D:1)
  11 goblins
  6 hobgoblins
  9 jackals
  A quokka (D:1)
  3 frilled lizards
  9 kobolds
  5 rats
  A spectral goblin (D:1)
86 creatures vanquished.

Notes
Turn   | Place    | Note
-------+----------+-------------------------------------------
     0 | D:1      | sking99 the Troll Transmuter began the quest for the Orb.
     0 | D:1      | Reached XP level 1. HP: 18/18 MP: 1/1
   185 | D:1      | Reached XP level 2. HP: 26/26 MP: 2/2
   444 | D:1      | Found a faded altar of an unknown god.
   837 | D:1      | Reached XP level 3. HP: 32/32 MP: 3/3
  1343 | D:2      | Reached skill level 1 in Fighting
  1592 | D:2      | Reached XP level 4. HP: 41/41 MP: 2/4
  2056 | D:3      | You fall into a shaft and drop 2 floors!
  2056 | D:5      | Entered Level 5 of the Dungeon
  2063 | D:5      | Reached skill level 4 in Unarmed Combat
  2063 | D:5      | Reached XP level 5. HP: 49/49 MP: 5/5
  2098 | D:5      | Noticed an ogre
  2106 | D:5      | Killed an ogre
  2128 | D:5      | Learned a level 2 spell: Wereblood
  2150 | D:5      | Noticed a water moccasin
  2190 | D:5      | Noticed a phantom
  2201 | D:5      | Killed a phantom
  2202 | D:5      | Reached skill level 5 in Unarmed Combat
  2202 | D:5      | Reached XP level 6. HP: 40/59 MP: 6/6
  2983 | D:4      | Found an ornate altar of the Wu Jian Council.
  3007 | D:4      | Became a worshipper of the Wu Jian Council
  3155 | D:4      | Noticed Grinder
  3163 | D:4      | Killed Grinder
  3164 | D:4      | Reached skill level 6 in Unarmed Combat
  3164 | D:4      | Reached XP level 7. HP: 4/67 MP: 1/7
  3177 | D:4      | Slain by a gnoll

Illustrated notes

Levels and vault maps discovered:
D:1:      enne_arrival_octagon_isle, layout_loops_corners,
          dreamdust_ecumenical_altar_drowned_temple
D:2:      layout_basic
D:3:      layout_loops_ring
D:4:      layout_loops_corners, amcnicky_altar_gilded, uniq_grinder
D:5:      nicolae_cairo_tiling_large, layout_cave_pools, uniq_crazy_yiuf_cottage

Skill      XL: |  1  2  3  4  5  6 |
---------------+-------------------+-----
Transmutations | 2 3 |  3.0
Fighting       | 1 2 3 |  3.3
Unarmed Combat | 4 5 6 |  6.5
Dodging        | |  1.5
Spellcasting   | |  1.2

Action                   |  1- 3 |  4- 6 |  7- 9 || total
-------------------------+-------+-------+-------++-------
Melee: Unarmed           |    99 |    91 |       ||   190
       Kick              |     4 |    16 |       ||    20
       Headbutt          |     3 |     5 |       ||     8
       Punch             |     1 |     4 |       ||     5
 Cast: Beastly Appendage |     3 |    16 |       ||    19
Invok: Lunge             |       |     2 |       ||     2
  Use: Scroll            |       |     4 |       ||     4
       Potion            |       |     4 |       ||     4
 Stab: Sleeping          |     1 |       |       ||     1
       Distracted        |     1 |       |       ||     1
Armor: Robe              |    25 |    27 |     1 ||    53
Dodge: Dodged            |    41 |    42 |     1 ||    84
